 Dungeon Crawl Stone Soup version 0.30-a0-439-g9e77e4d916 (webtiles) character file.

Game seed: 2985145579775293786

130 cforsyth the Trooper (level 4, -1/61 HPs)
             Began as a Minotaur Berserker on Dec 11, 2022.
             Was a Believer of Trog.
             Slain by an endoplasm (2 damage)
             ... on level 4 of the Dungeon.
             The game lasted 00:03:21 (2732 turns).

cforsyth the Trooper (Minotaur Berserker)           Turns: 2732, Time: 00:03:21

Health: -1/61      AC: -1    Str: 23    XL:     4   Next: 89%
Magic:  3/3        EV: 12    Int:  4    God:    Trog [**....]
Gold:   209        SH:  0    Dex: 10    Spells: 3/3 levels left

rFire   . . .      SeeInvis .    s - +0 war axe
rCold   . . .      Faith    .    (no shield)
rNeg    . . .      Spirit   .    b - +0 animal skin
rPois   .          Reflect  .    (helmet restricted)
rElec   .          Harm     .    (no cloak)
rCorr   .          Rampage  .    o - +0 pair of gloves
Will    .....                    j - +2 pair of boots
Stlth   ..........               (no amulet)
HPRegen 0.30/turn                (no ring)
MPRegen 0.08/turn                (no ring)

@: berserking, corroded, very quick
A: horns 2, retaliatory headbutt
a: Renounce Religion, Berserk, Trog's Hand


You were on level 4 of the Dungeon.
You worshipped Trog.
Trog was pleased with you.
You visited 1 branch of the dungeon, and saw 4 of its levels.

You collected 209 gold pieces.

Inventory:

Hand Weapons
 a - a +0 hand axe
 s - a +0 war axe (weapon)
Missiles
 g - a throwing net (quivered)
Armour
 b - a +0 animal skin (worn)
 j - a +2 pair of boots (worn)
 o - a +0 pair of gloves (worn)
Scrolls
 c - 3 scrolls of identify {unknown}
 e - a scroll of fear {unknown}
 f - a scroll of teleportation {unknown}
 i - a scroll of summoning {unknown}
 l - a scroll of torment {unknown}
 n - a scroll of poison {unknown}
 q - a scroll of fog {unknown}
Potions
 d - 2 potions of curing {unknown}
 h - 2 potions of flight {unknown}
 k - a potion of mutation {unknown}
 m - a potion of might {unknown}
 p - a potion of haste {unknown}
 r - 2 potions of berserk rage {unknown}


   Skills:
 + Level 4.6 Fighting
 + Level 4.5 Axes
 + Level 3.7 Armour
 + Level 3.4 Dodging


You had 3 spell levels left.
You didn't know any spells.
Your spell library was empty.

Dungeon Overview and Level Annotations

Branches:
Dungeon (4/15)
 Temple: D:4-7

Altars:

Shops:
D:3 :


Innate Abilities, Weirdness & Mutations

You have a pair of horns on your head.
You reflexively headbutt those who attack you in melee.


Message History

r - 2 puce potions (gained 1)
You open the door.
There is an open door here.
You open the door.
An endoplasm comes into view.
Found a book of Weapons.
The endoplasm quivers.
A jelly comes into view.
There is an open door here.
The jelly hits you. The acid corrodes you!
You are splashed with acid!
You slash the jelly!
Your hands burn!
The jelly is heavily wounded.
You hit the endoplasm but do no damage. The endoplasm freezes you.
You are frozen.
The jelly barely misses you. The endoplasm closely misses you.
The jelly hits you.
You are splashed with acid!
You are too injured to fight recklessly!
You are too injured to fight recklessly!
You are too injured to fight recklessly!
You are too injured to fight recklessly!
You are too injured to fight recklessly!
You are too injured to fight recklessly!
You are too injured to fight recklessly!
You are too injured to fight recklessly!
You hit the jelly but do no damage.
Your hands burn!
* * * LOW HITPOINT WARNING * * *
The jelly is heavily wounded.
You hit the endoplasm. The endoplasm hits you.
* * * LOW HITPOINT WARNING * * *
The jelly hits you.
* * * LOW HITPOINT WARNING * * *
The acid corrodes you!
You are splashed with acid!
* * * LOW HITPOINT WARNING * * *
Unknown command.
Unknown command.
Unknown command.
Unknown command.
A red film seems to cover your vision as you go berserk!
You feel yourself moving faster!
You feel mighty! The endoplasm hits you.
You die...

#................
##.#..####'#######
#..#.###.....##
#.##.####.....##
#.##.#.###.....##
#.##.#..###.....##
##.##.'.†.###.....#
...##.#....####'###
.<.##.#.....#...@J#
...##.##....#..?J.#
...#..# #...+.$.:.+
......# #..#..?..#
......# #.#.....#
....†.# ####+###
....#.+ ....#.#
...##.#


You could see a jelly and an endoplasm.

Vanquished Creatures
  3 gnolls (D:3)
  3 adders
  A worm (D:2)
  A dart slug (D:1)
  An orc (D:3)
  7 ball pythons
  7 endoplasms
  5 giant cockroaches
  8 goblins
  3 hobgoblins
  8 kobolds
  3 quokkas
  9 bats
  2 frilled lizards
  4 rats
65 creatures vanquished.

Notes
Turn   | Place    | Note
-------+----------+-------------------------------------------
     0 | D:1      | cforsyth the Minotaur Berserker began the quest for the
                  | Orb.
     0 | D:1      | Reached XP level 1. HP: 19/19 MP: 0/0
   105 | D:1      | Reached XP level 2. HP: 27/27 MP: 1/1
   109 | D:1      | Found a faded altar of an unknown god.
   116 | D:1      | You fall into a shaft and drop 1 floor!
   399 | D:1      | Reached XP level 3. HP: 18/33 MP: 2/2
   511 | D:1      | Reached ** piety under Trog
  1527 | D:2      | Identified the +8 trident "Pieteu" {vorpal, rF+ SInv}
  1715 | D:3      | Reached XP level 4. HP: 41/41 MP: 3/3
  1933 | D:3      | Found Ithai's Book Shoppe.
  2731 | D:4      | HP: 1/41 [acid (8)]
  2732 | D:4      | Slain by an endoplasm

Illustrated notes

Levels and vault maps discovered:
D:1:      wander_arrival_chamber, layout_loops_ring,
          nicolae_ecumenical_snake_handling, minmay_tree_intersection,
          minmay_three_crescents
D:2:      layout_loops_corners
D:3:      layout_basic, serial_shops, shop
D:4:      layout_rooms, kennysheep_little_box, hex_intersection,
          minmay_quadrilaterals

Skill      XL: |  1  2  3 |
---------------+----------+-----
Fighting       | 4 |  4.6
Axes           | 4 |  4.5
Armour         | 3 |  3.7
Dodging        | 3 |  3.4

Action                   |  1- 3 |  4- 6 || total
-------------------------+-------+-------++-------
Melee: Hand axe          |    88 |    19 ||   107
       Headbutt          |     8 |     6 ||    14
       Punch             |     2 |       ||     2
       War axe           |       |    23 ||    23
Invok: Berserk           |     1 |     2 ||     3
Armor: Animal skin       |    25 |    20 ||    45
Dodge: Dodged            |    53 |    37 ||    90

Table legend: (Time is in decaauts)
 A = Elapsed time spent in this place.
 B = Non-inter-level travel time spent in this place.
 C = Inter-level travel time spent in this place.
 D = Time resting spent in this place.
 E = Time spent auto-exploring this place.
 F = Levels seen in this place.
 G = Mean time per level.
                   A        B        C        D        E       F      G
               +--------+--------+--------+--------+--------+-----+--------+
         Total |   2765 |   2682 |     83 |    102 |   2174 |   4 |  691.2 |
       Dungeon |   2765 |   2682 |     83 |    102 |   2174 |   4 |  691.2 |
               +--------+--------+--------+--------+--------+-----+--------+

Top non-repeatable levels by time:
     D:3: 1063 daAuts
     D:2: 830 daAuts
     D:1: 815 daAuts
     D:4: 57 daAuts
